 Dungeon Crawl Stone Soup version 0.27.1-34-g3ba077fa99 (webtiles) character file.

Game seed: 11760936803251679158

7 Descartes the Grasshopper (level 1, -2/9 HPs)
             Began as a Felid Warper on Jan 17, 2022.
             Slain by a ball python (3 damage)
             ... on level 1 of the Dungeon.
             The game lasted 00:00:33 (586 turns).

Descartes the Grasshopper (Felid Warper)             Turns: 586, Time: 00:00:34

Health: -2/9       AC:  1    Str:  7    XL:     1   Next: 83%
Magic:  4/4        EV: 18    Int: 14    God:
Gold:   29         SH:  0    Dex: 15    Spells: 4/4 levels left
                                        Lives:  0   Deaths: 0

rFire    . . .     SeeInvis +     - Unarmed
rCold    . . .     Faith    .   (shield unavailable)
rNeg     . . .     Spirit   .   (armour unavailable)
rPois    .         Reflect  .   (helmet unavailable)
rElec    .         Harm     .   (cloak unavailable)
rCorr    .         Rampage  .   (gloves unavailable)
Will     .....                  (boots unavailable)
Stlth    ++........             (no amulet)
HPRegen  0.03/turn              (no ring)
MPRegen  0.09/turn              (no ring)

@: quick
A: very small, claws 1, fangs 3, see invisible, speed 1, shaggy fur 1, stealthy
paws, no weapons or thrown items, no armour, multi-lived
a: no special abilities


You were on level 1 of the Dungeon.
You visited 1 branch of the dungeon, and saw 1 of its levels.

You collected 29 gold pieces.

Inventory:

Scrolls
 a - a scroll of blinking
 b - a scroll of identify {unknown}
 c - a scroll of fear {unknown}


   Skills:
 - Level 2.0 Fighting
 + Level 3.4 Dodging
 + Level 1.0 Stealth
 + Level 2.1 Unarmed Combat
 - Level 2.0 Spellcasting
 + Level 4.5 Translocations


You had 4 spell levels left.
You didn't know any spells.
Your spell library contained the following spells:

 Spells                   Type           Power      Damage    Failure   Level
 Blink                    Tloc           N/A        N/A       5%          2
 Gell's Gravitas          Tloc           7%         N/A       11%         3
 Lesser Beckoning         Tloc           7%         N/A       11%         3
 Teleport Other           Tloc           14%        N/A       11%         3
 Manifold Assault         Tloc           14%        N/A       69%         5


Dungeon Overview and Level Annotations

Branches:
Dungeon (1/15)

Altars:


Innate Abilities, Weirdness & Mutations

You have sharp claws.
You have razor-sharp teeth.
You have supernaturally acute eyesight. (SInv)
You cover ground quickly. (Speed+)
You are covered in fur. (AC +1)
Your paws help you pounce on unaware monsters.
You are incapable of wielding weapons or throwing items.
You cannot wear armour.
You gain extra lives every three experience levels.


Message History

You scratch the quokka.
You kill the quokka!
Your Stealth skill increases to level 1!
You now have 5 gold pieces.
You now have 19 gold pieces (gained 14).
Found 10 gold pieces.
You now have 29 gold pieces (gained 10).
You open the door.
A rat comes into view.
A ball python and an endoplasm come into view.
The ball python hisses angrily.
There is an open door here.
The endoplasm quivers.
There is a fountain of clear blue water here.
The rat misses you.
You scratch the rat but do no damage. The ball python barely misses you.
The ball python closely misses you. The rat completely misses you.
You scratch the rat.
You kill the rat!
The ball python bites you but does no damage.
The ball python misses you. The endoplasm barely misses you.
You scratch the endoplasm.
The endoplasm is severely wounded.
The ball python closely misses you. x2
The endoplasm freezes you.
You are frozen.
You scratch the endoplasm but do no damage.
The endoplasm is severely wounded.
The ball python bites you. The ball python barely misses you.
The endoplasm freezes you.
You are frozen.
Ouch! That really hurt!
* * * LOW HITPOINT WARNING * * *
The ball python misses you. The ball python grabs you.
The ball python constricts you.
* * * LOW HITPOINT WARNING * * *
You escape the ball python's grasp.
There is an open door here.
You closely miss the ball python. The ball python bites you.
You die...

####+#### #...†...# #.⌠...⌠.#
#.......### +...⌠...J.#
#.......#S# #.⌠...⌠.#@# ###
#.......#.# ♣.♣ ####+####.#
#.# #.......###♣.♣#######
###### #...................#
>....### #..........♣.♣###...#
####...###..........#.###..###
....................♣.♣...##
########..................#


You could see an endoplasm and a ball python.

Vanquished Creatures
  2 ball pythons (D:1)
  A goblin (D:1)
  A quokka (D:1)
  3 rats (D:1)
7 creatures vanquished.

Notes
Turn   | Place    | Note
-------+----------+-------------------------------------------
     0 | D:1      | Descartes the Felid Warper began the quest for the Orb.
     0 | D:1      | Reached XP level 1. HP: 9/9 MP: 4/4
   297 | D:1      | Reached skill level 1 in Stealth
   586 | D:1      | Slain by a ball python

Illustrated notes

Levels and vault maps discovered:
D:1:      lemuel_arrival_hallway, layout_rooms, serial_forest,
          infiniplex_forest_lined_3, infiniplex_forest_lined_room_2,
          infiniplex_forest_clump_C, infiniplex_forest_split,
          infiniplex_forest_corner_1, infiniplex_forest_lined_2,
          infiniplex_forest_clump_curved, infiniplex_forest_end_1,
          infiniplex_forest_lined_2, minmay_fountain_box

Skill      XL: |  1 |
---------------+----+-----
Stealth        | 1 |  1.0
Fighting       | |  2.0
Dodging        | |  3.4
Unarmed Combat | |  2.1
Spellcasting   | |  2.0
Translocations | |  4.5

Action                   || total
-------------------------++-------
Melee: Unarmed           ||    17
       Bite              ||     1
 Stab: Sleeping          ||     1
Armor: Skin              ||     1
Dodge: Dodged            ||    16
